 Dungeon Crawl Stone Soup version 0.29.1-13-g9f3cf754e1 (webtiles) character file.

Game seed: 14726762119856059596

23 Kold the Trooper (level 2, -7/24 HPs)
             Began as a Demonspawn Monk on Feb 1, 2023.
             Was a Priest of Makhleb.
             Mangled by a gnoll
             ... wielding a +0 spear
              (9 damage)
             ... on level 2 of the Dungeon.
             The game lasted 00:01:53 (1062 turns).

Kold the Trooper (Demonspawn Monk)                  Turns: 1062, Time: 00:01:54

Health: -7/24      AC:  3    Str: 11    XL:     2   Next: 75%
Magic:  3/3        EV: 13    Int: 11    God:    Makhleb [***...]
Gold:   54         SH:  0    Dex: 15    Spells: 1/1 levels left

rFire   . . .      SeeInvis .   a - +0 mace
rCold   . . .      Faith    .   (no shield)
rNeg    . . .      Spirit   .   b - +0 robe
rPois   .          Reflect  .   (helmet restricted)
rElec   .          Harm     .   (no cloak)
rCorr   .          Rampage  .   (no gloves)
Will    .....                   e - +0 pair of boots
Stlth   ++........              (no amulet)
HPRegen 0.08/turn               (no ring)
MPRegen 0.08/turn               (no ring)

@: no status effects
A: horns 1
a: Renounce Religion, Minor Destruction, Lesser Servant of Makhleb


You were on level 2 of the Dungeon.
You worshipped Makhleb.
Makhleb was most pleased with you.
You visited 1 branch of the dungeon, and saw 2 of its levels.

You collected 54 gold pieces.

Inventory:

Hand Weapons
 a - a +0 mace (weapon)
Armour
 b - a +0 robe (worn)
 e - a +0 pair of boots (worn)
Scrolls
 d - 2 scrolls of blinking {unknown}
 h - a scroll of identify {unknown}
 i - a scroll of poison {unknown}
Potions
 c - a potion of ambrosia
 f - 3 potions of curing {unknown}
 g - a potion of berserk rage {unknown}


   Skills:
 - Level 3.1 Fighting
 - Level 2.9 Maces & Flails
 + Level 3.0 Dodging
 - Level 1.9 Stealth
 * Level 1.7 Invocations


You had one spell level left.
You didn't know any spells.
Your spell library was empty.

Dungeon Overview and Level Annotations

Branches:
Dungeon (2/15)

Altars:
Makhleb

Annotations:
D:2 Natasha


Innate Abilities, Weirdness & Mutations

You have a pair of small horns on your head.


Message History

The ball python is severely wounded.
The ball python bites you but does no damage.
The ball python constricts you.
You sock the ball python!
You kill the ball python!
Makhleb accepts your kill.
You feel better.
No target in view!
HP restored.
A rat comes into view.
You hit the rat. You headbutt the rat, but do no damage.
The rat is severely wounded.
The rat bites you but does no damage. The rat bites you.
You closely miss the rat.
The rat is severely wounded.
The rat bites you.
You hit the rat.
You kill the rat!
Makhleb accepts your kill.
You feel better.
No target in view!
You see here a ball python corpse.
Found a stone staircase leading down.
A gnoll comes into view. It is wielding a +0 spear.
The gnoll shouts!
You hear an angry hiss.
A gnoll comes into view. It is wielding a +0 spear.
Natasha, Servant of Life and Death comes into view.
The gnoll misses you.
The gnoll shouts! x2
You sock the gnoll!
The gnoll is heavily wounded.
The gnoll hits you with a +0 spear!
Natasha casts a spell.
You hit the gnoll.
The gnoll is almost dead.
The gnoll hits you with a +0 spear! The gnoll completely misses you.
The gnoll attacks as you move away! The gnoll hits you with a +0 spear.
* * * LOW HITPOINT WARNING * * *
The gnoll hits you from afar with a +0 spear!
You die...

#.#.#.#.##..###
#.#.#.#.##.....
#.#.#.#.###.####
#.#.#.#.....#
#.#.#.#######
#.#'#.....
#........#
#.........
#.@.....$.
#...>.....
#....hg########.
#....g. #.....g
#...... #......
#....## ####.


You could see Natasha and 2 gnolls.

Vanquished Creatures
  2 dart slugs (D:1)
  2 giant cockroaches (D:1)
  A goblin (D:1)
  2 hobgoblins
  A kobold (D:1)
  3 ball pythons
  3 bats (D:1)
  2 frilled lizards (D:1)
  4 rats
20 creatures vanquished.

Notes
Turn   | Place    | Note
-------+----------+-------------------------------------------
     0 | D:1      | Kold the Demonspawn Monk began the quest for the Orb.
     0 | D:1      | Reached XP level 1. HP: 18/18 MP: 1/1
   235 | D:1      | Found a faded altar of an unknown god.
   246 | D:1      | Gained mutation: You have a pair of small horns on your
                  | head. [demonic ancestry]
   246 | D:1      | Reached XP level 2. HP: 20/24 MP: 2/2
   252 | D:1      | Prayed at the altar of an unknown god.
   252 | D:1      | Became a worshipper of Makhleb the Destroyer
   252 | D:1      | Reached * piety under Makhleb
   252 | D:1      | Reached ** piety under Makhleb
   648 | D:1      | Reached skill level 1 in Invocations
   775 | D:1      | Reached *** piety under Makhleb
  1057 | D:2      | Noticed Natasha
  1062 | D:2      | Mangled by a gnoll

Illustrated notes

Levels and vault maps discovered:
D:1:      denvon_arrival_planthouse, layout_loops_cross,
          hellmonk_ecumenical_altar_arch_garden, minmay_misc_feat_square,
          st_stairs_14, chequers_serial_rivers_room_a, grunt_decor_fettered
D:2:      layout_basic, dreamdust_princess_corridor, uniq_sigmund, uniq_natasha

Skill      XL: |  1  2 |
---------------+-------+-----
Dodging        | 3 |  3.0
Invocations    | 1 |  1.7
Fighting       | |  3.1
Maces & Flails | |  2.9
Stealth        | |  1.9

Action                   || total
-------------------------++-------
Melee: Mace              ||    43
       Headbutt          ||     6
Invok: Minor Destruction ||     1
 Stab: Sleeping          ||     2
Armor: Robe              ||    15
Dodge: Dodged            ||    36
